%YAML 1.1
%TAG !u! tag:unity3d.com,2011:
--- !u!1 &944637684927633464
GameObject:
  m_ObjectHideFlags: 0
  m_CorrespondingSourceObject: {fileID: 0}
  m_PrefabInstance: {fileID: 0}
  m_PrefabAsset: {fileID: 0}
  serializedVersion: 6
  m_Component:
  - component: {fileID: 944637684927633465}
  m_Layer: 0
  m_Name: Top
  m_TagString: Untagged
  m_Icon: {fileID: 0}
  m_NavMeshLayer: 0
  m_StaticEditorFlags: 0
  m_IsActive: 1
--- !u!4 &944637684927633465
Transform:
  m_ObjectHideFlags: 0
  m_CorrespondingSourceObject: {fileID: 0}
  m_PrefabInstance: {fileID: 0}
  m_PrefabAsset: {fileID: 0}
  m_GameObject: {fileID: 944637684927633464}
  m_LocalRotation: {x: 0, y: 0, z: 0, w: 1}
  m_LocalPosition: {x: 0, y: 0, z: 7.73}
  m_LocalScale: {x: 1, y: 1, z: 1}
  m_Children: []
  m_Father: {fileID: 944637685631913973}
  m_RootOrder: 0
  m_LocalEulerAnglesHint: {x: 0, y: 0, z: 0}
--- !u!1 &944637685188939277
GameObject:
  m_ObjectHideFlags: 0
  m_CorrespondingSourceObject: {fileID: 0}
  m_PrefabInstance: {fileID: 0}
  m_PrefabAsset: {fileID: 0}
  serializedVersion: 6
  m_Component:
  - component: {fileID: 944637685188939278}
  m_Layer: 0
  m_Name: Right
  m_TagString: Untagged
  m_Icon: {fileID: 0}
  m_NavMeshLayer: 0
  m_StaticEditorFlags: 0
  m_IsActive: 1
--- !u!4 &944637685188939278
Transform:
  m_ObjectHideFlags: 0
  m_CorrespondingSourceObject: {fileID: 0}
  m_PrefabInstance: {fileID: 0}
  m_PrefabAsset: {fileID: 0}
  m_GameObject: {fileID: 944637685188939277}
  m_LocalRotation: {x: 0, y: 0, z: 0, w: 1}
  m_LocalPosition: {x: 6.14, y: 0, z: 0}
  m_LocalScale: {x: 1, y: 1, z: 1}
  m_Children: []
  m_Father: {fileID: 944637685631913973}
  m_RootOrder: 2
  m_LocalEulerAnglesHint: {x: 0, y: 0, z: 0}
--- !u!1 &944637685327350500
GameObject:
  m_ObjectHideFlags: 0
  m_CorrespondingSourceObject: {fileID: 0}
  m_PrefabInstance: {fileID: 0}
  m_PrefabAsset: {fileID: 0}
  serializedVersion: 6
  m_Component:
  - component: {fileID: 944637685327350501}
  m_Layer: 0
  m_Name: Bottom
  m_TagString: Untagged
  m_Icon: {fileID: 0}
  m_NavMeshLayer: 0
  m_StaticEditorFlags: 0
  m_IsActive: 1
--- !u!4 &944637685327350501
Transform:
  m_ObjectHideFlags: 0
  m_CorrespondingSourceObject: {fileID: 0}
  m_PrefabInstance: {fileID: 0}
  m_PrefabAsset: {fileID: 0}
  m_GameObject: {fileID: 944637685327350500}
  m_LocalRotation: {x: 0, y: 0, z: 0, w: 1}
  m_LocalPosition: {x: 0, y: 0, z: -10.26}
  m_LocalScale: {x: 1, y: 1, z: 1}
  m_Children: []
  m_Father: {fileID: 944637685631913973}
  m_RootOrder: 1
  m_LocalEulerAnglesHint: {x: 0, y: 0, z: 0}
--- !u!1 &944637685631913971
GameObject:
  m_ObjectHideFlags: 0
  m_CorrespondingSourceObject: {fileID: 0}
  m_PrefabInstance: {fileID: 0}
  m_PrefabAsset: {fileID: 0}
  serializedVersion: 6
  m_Component:
  - component: {fileID: 944637685631913973}
  - component: {fileID: 944637685631913972}
  m_Layer: 0
  m_Name: Zones
  m_TagString: Untagged
  m_Icon: {fileID: 0}
  m_NavMeshLayer: 0
  m_StaticEditorFlags: 0
  m_IsActive: 1
--- !u!4 &944637685631913973
Transform:
  m_ObjectHideFlags: 0
  m_CorrespondingSourceObject: {fileID: 0}
  m_PrefabInstance: {fileID: 0}
  m_PrefabAsset: {fileID: 0}
  m_GameObject: {fileID: 944637685631913971}
  m_LocalRotation: {x: 0, y: 0, z: 0, w: 1}
  m_LocalPosition: {x: 0, y: 0, z: 0}
  m_LocalScale: {x: 1, y: 1, z: 1}
  m_Children:
  - {fileID: 944637684927633465}
  - {fileID: 944637685327350501}
  - {fileID: 944637685188939278}
  - {fileID: 944637686041556245}
  - {fileID: 944637684499478942}
  - {fileID: 5213401804664886409}
  - {fileID: 5213401803843368151}
  - {fileID: 5213401803993024465}
  m_Father: {fileID: 0}
  m_RootOrder: 0
  m_LocalEulerAnglesHint: {x: 0, y: 0, z: 0}
--- !u!114 &944637685631913972
MonoBehaviour:
  m_ObjectHideFlags: 0
  m_CorrespondingSourceObject: {fileID: 0}
  m_PrefabInstance: {fileID: 0}
  m_PrefabAsset: {fileID: 0}
  m_GameObject: {fileID: 944637685631913971}
  m_Enabled: 1
  m_EditorHideFlags: 0
  m_Script: {fileID: 11500000, guid: 8f7a1452dbd84065ad87607a0d03e750, type: 3}
  m_Name: 
  m_EditorClassIdentifier: 
  _top: {fileID: 944637684927633465}
  _bottom: {fileID: 944637685327350501}
  _left: {fileID: 944637686041556245}
  _right: {fileID: 944637685188939278}
  _voidZones:
  - {fileID: 944637684499478941}
  - {fileID: 5213401804664886410}
  - {fileID: 5213401803843368148}
  - {fileID: 5213401803993024466}
--- !u!1 &944637686041556244
GameObject:
  m_ObjectHideFlags: 0
  m_CorrespondingSourceObject: {fileID: 0}
  m_PrefabInstance: {fileID: 0}
  m_PrefabAsset: {fileID: 0}
  serializedVersion: 6
  m_Component:
  - component: {fileID: 944637686041556245}
  m_Layer: 0
  m_Name: Left
  m_TagString: Untagged
  m_Icon: {fileID: 0}
  m_NavMeshLayer: 0
  m_StaticEditorFlags: 0
  m_IsActive: 1
--- !u!4 &944637686041556245
Transform:
  m_ObjectHideFlags: 0
  m_CorrespondingSourceObject: {fileID: 0}
  m_PrefabInstance: {fileID: 0}
  m_PrefabAsset: {fileID: 0}
  m_GameObject: {fileID: 944637686041556244}
  m_LocalRotation: {x: 0, y: 0, z: 0, w: 1}
  m_LocalPosition: {x: -6.26, y: 0, z: 0}
  m_LocalScale: {x: 1, y: 1, z: 1}
  m_Children: []
  m_Father: {fileID: 944637685631913973}
  m_RootOrder: 3
  m_LocalEulerAnglesHint: {x: 0, y: 0, z: 0}
--- !u!1001 &944637684351368938
PrefabInstance:
  m_ObjectHideFlags: 0
  serializedVersion: 2
  m_Modification:
    m_TransformParent: {fileID: 944637685631913973}
    m_Modifications:
    - target: {fileID: 4991606496735011186, guid: 4bfcdb46c8c734a018030627545f2250, type: 3}
      propertyPath: m_LocalPosition.x
      value: 1.097
      objectReference: {fileID: 0}
    - target: {fileID: 4991606496933644861, guid: 4bfcdb46c8c734a018030627545f2250, type: 3}
      propertyPath: m_RootOrder
      value: 6
      objectReference: {fileID: 0}
    - target: {fileID: 4991606496933644861, guid: 4bfcdb46c8c734a018030627545f2250, type: 3}
      propertyPath: m_LocalPosition.x
      value: -4.06
      objectReference: {fileID: 0}
    - target: {fileID: 4991606496933644861, guid: 4bfcdb46c8c734a018030627545f2250, type: 3}
      propertyPath: m_LocalPosition.y
      value: 0
      objectReference: {fileID: 0}
    - target: {fileID: 4991606496933644861, guid: 4bfcdb46c8c734a018030627545f2250, type: 3}
      propertyPath: m_LocalPosition.z
      value: -8.26
      objectReference: {fileID: 0}
    - target: {fileID: 4991606496933644861, guid: 4bfcdb46c8c734a018030627545f2250, type: 3}
      propertyPath: m_LocalRotation.w
      value: 1
      objectReference: {fileID: 0}
    - target: {fileID: 4991606496933644861, guid: 4bfcdb46c8c734a018030627545f2250, type: 3}
      propertyPath: m_LocalRotation.x
      value: -0
      objectReference: {fileID: 0}
    - target: {fileID: 4991606496933644861, guid: 4bfcdb46c8c734a018030627545f2250, type: 3}
      propertyPath: m_LocalRotation.y
      value: -0
      objectReference: {fileID: 0}
    - target: {fileID: 4991606496933644861, guid: 4bfcdb46c8c734a018030627545f2250, type: 3}
      propertyPath: m_LocalRotation.z
      value: -0
      objectReference: {fileID: 0}
    - target: {fileID: 4991606496933644861, guid: 4bfcdb46c8c734a018030627545f2250, type: 3}
      propertyPath: m_LocalEulerAnglesHint.x
      value: 0
      objectReference: {fileID: 0}
    - target: {fileID: 4991606496933644861, guid: 4bfcdb46c8c734a018030627545f2250, type: 3}
      propertyPath: m_LocalEulerAnglesHint.y
      value: 0
      objectReference: {fileID: 0}
    - target: {fileID: 4991606496933644861, guid: 4bfcdb46c8c734a018030627545f2250, type: 3}
      propertyPath: m_LocalEulerAnglesHint.z
      value: 0
      objectReference: {fileID: 0}
    - target: {fileID: 4991606496933644863, guid: 4bfcdb46c8c734a018030627545f2250, type: 3}
      propertyPath: m_Name
      value: Column (2)
      objectReference: {fileID: 0}
    - target: {fileID: 4991606498387846698, guid: 4bfcdb46c8c734a018030627545f2250, type: 3}
      propertyPath: m_LocalPosition.z
      value: -0.91
      objectReference: {fileID: 0}
    - target: {fileID: 4991606498607952357, guid: 4bfcdb46c8c734a018030627545f2250, type: 3}
      propertyPath: m_LocalPosition.x
      value: -1.11
      objectReference: {fileID: 0}
    - target: {fileID: 4991606498830181896, guid: 4bfcdb46c8c734a018030627545f2250, type: 3}
      propertyPath: m_LocalPosition.z
      value: 2
      objectReference: {fileID: 0}
    m_RemovedComponents: []
  m_SourcePrefab: {fileID: 100100000, guid: 4bfcdb46c8c734a018030627545f2250, type: 3}
--- !u!4 &5213401803843368151 stripped
Transform:
  m_CorrespondingSourceObject: {fileID: 4991606496933644861, guid: 4bfcdb46c8c734a018030627545f2250, type: 3}
  m_PrefabInstance: {fileID: 944637684351368938}
  m_PrefabAsset: {fileID: 0}
--- !u!114 &5213401803843368148 stripped
MonoBehaviour:
  m_CorrespondingSourceObject: {fileID: 4991606496933644862, guid: 4bfcdb46c8c734a018030627545f2250, type: 3}
  m_PrefabInstance: {fileID: 944637684351368938}
  m_PrefabAsset: {fileID: 0}
  m_GameObject: {fileID: 0}
  m_Enabled: 1
  m_EditorHideFlags: 0
  m_Script: {fileID: 11500000, guid: 8f7a1452dbd84065ad87607a0d03e750, type: 3}
  m_Name: 
  m_EditorClassIdentifier: 
--- !u!1001 &944637684769459692
PrefabInstance:
  m_ObjectHideFlags: 0
  serializedVersion: 2
  m_Modification:
    m_TransformParent: {fileID: 944637685631913973}
    m_Modifications:
    - target: {fileID: 4991606496735011186, guid: 4bfcdb46c8c734a018030627545f2250, type: 3}
      propertyPath: m_LocalPosition.x
      value: 1.097
      objectReference: {fileID: 0}
    - target: {fileID: 4991606496933644861, guid: 4bfcdb46c8c734a018030627545f2250, type: 3}
      propertyPath: m_RootOrder
      value: 7
      objectReference: {fileID: 0}
    - target: {fileID: 4991606496933644861, guid: 4bfcdb46c8c734a018030627545f2250, type: 3}
      propertyPath: m_LocalPosition.x
      value: 4.09
      objectReference: {fileID: 0}
    - target: {fileID: 4991606496933644861, guid: 4bfcdb46c8c734a018030627545f2250, type: 3}
      propertyPath: m_LocalPosition.y
      value: 0
      objectReference: {fileID: 0}
    - target: {fileID: 4991606496933644861, guid: 4bfcdb46c8c734a018030627545f2250, type: 3}
      propertyPath: m_LocalPosition.z
      value: -8.26
      objectReference: {fileID: 0}
    - target: {fileID: 4991606496933644861, guid: 4bfcdb46c8c734a018030627545f2250, type: 3}
      propertyPath: m_LocalRotation.w
      value: 1
      objectReference: {fileID: 0}
    - target: {fileID: 4991606496933644861, guid: 4bfcdb46c8c734a018030627545f2250, type: 3}
      propertyPath: m_LocalRotation.x
      value: -0
      objectReference: {fileID: 0}
    - target: {fileID: 4991606496933644861, guid: 4bfcdb46c8c734a018030627545f2250, type: 3}
      propertyPath: m_LocalRotation.y
      value: -0
      objectReference: {fileID: 0}
    - target: {fileID: 4991606496933644861, guid: 4bfcdb46c8c734a018030627545f2250, type: 3}
      propertyPath: m_LocalRotation.z
      value: -0
      objectReference: {fileID: 0}
    - target: {fileID: 4991606496933644861, guid: 4bfcdb46c8c734a018030627545f2250, type: 3}
      propertyPath: m_LocalEulerAnglesHint.x
      value: 0
      objectReference: {fileID: 0}
    - target: {fileID: 4991606496933644861, guid: 4bfcdb46c8c734a018030627545f2250, type: 3}
      propertyPath: m_LocalEulerAnglesHint.y
      value: 0
      objectReference: {fileID: 0}
    - target: {fileID: 4991606496933644861, guid: 4bfcdb46c8c734a018030627545f2250, type: 3}
      propertyPath: m_LocalEulerAnglesHint.z
      value: 0
      objectReference: {fileID: 0}
    - target: {fileID: 4991606496933644863, guid: 4bfcdb46c8c734a018030627545f2250, type: 3}
      propertyPath: m_Name
      value: Column (3)
      objectReference: {fileID: 0}
    - target: {fileID: 4991606498387846698, guid: 4bfcdb46c8c734a018030627545f2250, type: 3}
      propertyPath: m_LocalPosition.z
      value: -0.91
      objectReference: {fileID: 0}
    - target: {fileID: 4991606498607952357, guid: 4bfcdb46c8c734a018030627545f2250, type: 3}
      propertyPath: m_LocalPosition.x
      value: -1.11
      objectReference: {fileID: 0}
    - target: {fileID: 4991606498830181896, guid: 4bfcdb46c8c734a018030627545f2250, type: 3}
      propertyPath: m_LocalPosition.z
      value: 2
      objectReference: {fileID: 0}
    m_RemovedComponents: []
  m_SourcePrefab: {fileID: 100100000, guid: 4bfcdb46c8c734a018030627545f2250, type: 3}
--- !u!4 &5213401803993024465 stripped
Transform:
  m_CorrespondingSourceObject: {fileID: 4991606496933644861, guid: 4bfcdb46c8c734a018030627545f2250, type: 3}
  m_PrefabInstance: {fileID: 944637684769459692}
  m_PrefabAsset: {fileID: 0}
--- !u!114 &5213401803993024466 stripped
MonoBehaviour:
  m_CorrespondingSourceObject: {fileID: 4991606496933644862, guid: 4bfcdb46c8c734a018030627545f2250, type: 3}
  m_PrefabInstance: {fileID: 944637684769459692}
  m_PrefabAsset: {fileID: 0}
  m_GameObject: {fileID: 0}
  m_Enabled: 1
  m_EditorHideFlags: 0
  m_Script: {fileID: 11500000, guid: 8f7a1452dbd84065ad87607a0d03e750, type: 3}
  m_Name: 
  m_EditorClassIdentifier: 
--- !u!1001 &944637685172887220
PrefabInstance:
  m_ObjectHideFlags: 0
  serializedVersion: 2
  m_Modification:
    m_TransformParent: {fileID: 944637685631913973}
    m_Modifications:
    - target: {fileID: 4991606496735011186, guid: 4bfcdb46c8c734a018030627545f2250, type: 3}
      propertyPath: m_LocalPosition.x
      value: 1.097
      objectReference: {fileID: 0}
    - target: {fileID: 4991606496933644861, guid: 4bfcdb46c8c734a018030627545f2250, type: 3}
      propertyPath: m_RootOrder
      value: 5
      objectReference: {fileID: 0}
    - target: {fileID: 4991606496933644861, guid: 4bfcdb46c8c734a018030627545f2250, type: 3}
      propertyPath: m_LocalPosition.x
      value: -4.06
      objectReference: {fileID: 0}
    - target: {fileID: 4991606496933644861, guid: 4bfcdb46c8c734a018030627545f2250, type: 3}
      propertyPath: m_LocalPosition.y
      value: 0
      objectReference: {fileID: 0}
    - target: {fileID: 4991606496933644861, guid: 4bfcdb46c8c734a018030627545f2250, type: 3}
      propertyPath: m_LocalPosition.z
      value: 1.462
      objectReference: {fileID: 0}
    - target: {fileID: 4991606496933644861, guid: 4bfcdb46c8c734a018030627545f2250, type: 3}
      propertyPath: m_LocalRotation.w
      value: 1
      objectReference: {fileID: 0}
    - target: {fileID: 4991606496933644861, guid: 4bfcdb46c8c734a018030627545f2250, type: 3}
      propertyPath: m_LocalRotation.x
      value: -0
      objectReference: {fileID: 0}
    - target: {fileID: 4991606496933644861, guid: 4bfcdb46c8c734a018030627545f2250, type: 3}
      propertyPath: m_LocalRotation.y
      value: -0
      objectReference: {fileID: 0}
    - target: {fileID: 4991606496933644861, guid: 4bfcdb46c8c734a018030627545f2250, type: 3}
      propertyPath: m_LocalRotation.z
      value: -0
      objectReference: {fileID: 0}
    - target: {fileID: 4991606496933644861, guid: 4bfcdb46c8c734a018030627545f2250, type: 3}
      propertyPath: m_LocalEulerAnglesHint.x
      value: 0
      objectReference: {fileID: 0}
    - target: {fileID: 4991606496933644861, guid: 4bfcdb46c8c734a018030627545f2250, type: 3}
      propertyPath: m_LocalEulerAnglesHint.y
      value: 0
      objectReference: {fileID: 0}
    - target: {fileID: 4991606496933644861, guid: 4bfcdb46c8c734a018030627545f2250, type: 3}
      propertyPath: m_LocalEulerAnglesHint.z
      value: 0
      objectReference: {fileID: 0}
    - target: {fileID: 4991606496933644863, guid: 4bfcdb46c8c734a018030627545f2250, type: 3}
      propertyPath: m_Name
      value: Column (1)
      objectReference: {fileID: 0}
    - target: {fileID: 4991606498387846698, guid: 4bfcdb46c8c734a018030627545f2250, type: 3}
      propertyPath: m_LocalPosition.z
      value: -0.91
      objectReference: {fileID: 0}
    - target: {fileID: 4991606498607952357, guid: 4bfcdb46c8c734a018030627545f2250, type: 3}
      propertyPath: m_LocalPosition.x
      value: -1.11
      objectReference: {fileID: 0}
    - target: {fileID: 4991606498830181896, guid: 4bfcdb46c8c734a018030627545f2250, type: 3}
      propertyPath: m_LocalPosition.z
      value: 2
      objectReference: {fileID: 0}
    m_RemovedComponents: []
  m_SourcePrefab: {fileID: 100100000, guid: 4bfcdb46c8c734a018030627545f2250, type: 3}
--- !u!4 &5213401804664886409 stripped
Transform:
  m_CorrespondingSourceObject: {fileID: 4991606496933644861, guid: 4bfcdb46c8c734a018030627545f2250, type: 3}
  m_PrefabInstance: {fileID: 944637685172887220}
  m_PrefabAsset: {fileID: 0}
--- !u!114 &5213401804664886410 stripped
MonoBehaviour:
  m_CorrespondingSourceObject: {fileID: 4991606496933644862, guid: 4bfcdb46c8c734a018030627545f2250, type: 3}
  m_PrefabInstance: {fileID: 944637685172887220}
  m_PrefabAsset: {fileID: 0}
  m_GameObject: {fileID: 0}
  m_Enabled: 1
  m_EditorHideFlags: 0
  m_Script: {fileID: 11500000, guid: 8f7a1452dbd84065ad87607a0d03e750, type: 3}
  m_Name: 
  m_EditorClassIdentifier: 
--- !u!1001 &5213401803723043747
PrefabInstance:
  m_ObjectHideFlags: 0
  serializedVersion: 2
  m_Modification:
    m_TransformParent: {fileID: 944637685631913973}
    m_Modifications:
    - target: {fileID: 4991606496735011186, guid: 4bfcdb46c8c734a018030627545f2250, type: 3}
      propertyPath: m_LocalPosition.x
      value: 1.097
      objectReference: {fileID: 0}
    - target: {fileID: 4991606496933644861, guid: 4bfcdb46c8c734a018030627545f2250, type: 3}
      propertyPath: m_RootOrder
      value: 4
      objectReference: {fileID: 0}
    - target: {fileID: 4991606496933644861, guid: 4bfcdb46c8c734a018030627545f2250, type: 3}
      propertyPath: m_LocalPosition.x
      value: 4.044
      objectReference: {fileID: 0}
    - target: {fileID: 4991606496933644861, guid: 4bfcdb46c8c734a018030627545f2250, type: 3}
      propertyPath: m_LocalPosition.y
      value: 0
      objectReference: {fileID: 0}
    - target: {fileID: 4991606496933644861, guid: 4bfcdb46c8c734a018030627545f2250, type: 3}
      propertyPath: m_LocalPosition.z
      value: 1.462
      objectReference: {fileID: 0}
    - target: {fileID: 4991606496933644861, guid: 4bfcdb46c8c734a018030627545f2250, type: 3}
      propertyPath: m_LocalRotation.w
      value: 1
      objectReference: {fileID: 0}
    - target: {fileID: 4991606496933644861, guid: 4bfcdb46c8c734a018030627545f2250, type: 3}
      propertyPath: m_LocalRotation.x
      value: -0
      objectReference: {fileID: 0}
    - target: {fileID: 4991606496933644861, guid: 4bfcdb46c8c734a018030627545f2250, type: 3}
      propertyPath: m_LocalRotation.y
      value: -0
      objectReference: {fileID: 0}
    - target: {fileID: 4991606496933644861, guid: 4bfcdb46c8c734a018030627545f2250, type: 3}
      propertyPath: m_LocalRotation.z
      value: -0
      objectReference: {fileID: 0}
    - target: {fileID: 4991606496933644861, guid: 4bfcdb46c8c734a018030627545f2250, type: 3}
      propertyPath: m_LocalEulerAnglesHint.x
      value: 0
      objectReference: {fileID: 0}
    - target: {fileID: 4991606496933644861, guid: 4bfcdb46c8c734a018030627545f2250, type: 3}
      propertyPath: m_LocalEulerAnglesHint.y
      value: 0
      objectReference: {fileID: 0}
    - target: {fileID: 4991606496933644861, guid: 4bfcdb46c8c734a018030627545f2250, type: 3}
      propertyPath: m_LocalEulerAnglesHint.z
      value: 0
      objectReference: {fileID: 0}
    - target: {fileID: 4991606496933644863, guid: 4bfcdb46c8c734a018030627545f2250, type: 3}
      propertyPath: m_Name
      value: Column
      objectReference: {fileID: 0}
    - target: {fileID: 4991606498387846698, guid: 4bfcdb46c8c734a018030627545f2250, type: 3}
      propertyPath: m_LocalPosition.z
      value: -0.77
      objectReference: {fileID: 0}
    - target: {fileID: 4991606498607952357, guid: 4bfcdb46c8c734a018030627545f2250, type: 3}
      propertyPath: m_LocalPosition.x
      value: -1.11
      objectReference: {fileID: 0}
    - target: {fileID: 4991606498830181896, guid: 4bfcdb46c8c734a018030627545f2250, type: 3}
      propertyPath: m_LocalPosition.z
      value: 2
      objectReference: {fileID: 0}
    m_RemovedComponents: []
  m_SourcePrefab: {fileID: 100100000, guid: 4bfcdb46c8c734a018030627545f2250, type: 3}
--- !u!4 &944637684499478942 stripped
Transform:
  m_CorrespondingSourceObject: {fileID: 4991606496933644861, guid: 4bfcdb46c8c734a018030627545f2250, type: 3}
  m_PrefabInstance: {fileID: 5213401803723043747}
  m_PrefabAsset: {fileID: 0}
--- !u!114 &944637684499478941 stripped
MonoBehaviour:
  m_CorrespondingSourceObject: {fileID: 4991606496933644862, guid: 4bfcdb46c8c734a018030627545f2250, type: 3}
  m_PrefabInstance: {fileID: 5213401803723043747}
  m_PrefabAsset: {fileID: 0}
  m_GameObject: {fileID: 0}
  m_Enabled: 1
  m_EditorHideFlags: 0
  m_Script: {fileID: 11500000, guid: 8f7a1452dbd84065ad87607a0d03e750, type: 3}
  m_Name: 
  m_EditorClassIdentifier: 
